[Event "*** Titled Tuesday Blitz"]
[Site "Chess.com"]
[Date "2020.11.24"]
[Round "2"]
[White "GukeshDommaraju"]
[Black "barriochess"]
[Result "1/2-1/2"]
[WhiteElo "2884"]
[BlackElo "2366"]
[TimeControl "180+1"]
[EndTime "10:32:34 PST"]
[Termination "Game drawn by agreement"]

1. d4 d5 2. Nf3 e6 3. Bf4 c5 4. e3 Nc6 5. Nbd2 Nf6 6. c3 Be7 7. Bd3 O-O 8. O-O b6 9. Ne5 Bb7 10. Qe2 Nxe5 11. dxe5 Ne4 12. Nxe4 dxe4 13. Bc4 Qc7 14.
Rad1 Rad8 15. h3 Rxd1 16. Rxd1 Rd8 17. a4 a5 18. Bb3 Bc6 19. Bc2 Rxd1+ 20. Qxd1 Qd7 21.
Qb1 Bxa4 22. Bxe4 Qd1+ 23. Qxd1 Bxd1 24. Bc6 Bb3 25. Bb5 Bd5 26. c4 Bb7 27. f3 h6 28.
e4 Bg5 29. Bxg5 hxg5 30. Kf2 f6 31. exf6 gxf6 32. g3 e5 33. Bd7 Kg7 34. Ke3 Kf7 35. b3 Ke7 36. Bf5 Bc6 37. h4 gxh4 38. gxh4 Kf7 39. f4 b5 40. fxe5 fxe5 41. Kd3 a4 42. bxa4 bxc4+ 43. Kxc4 Bxa4 44. Kxc5 Bc2 45. Kd5 Bxe4+ 46.
Kxe4 1/2-1/2

[Event "*** Titled Tuesday Blitz"]
[Site "Chess.com"]
[Date "2020.11.24"]
[Round "2"]
[White "Rainmond"]
[Black "Ajedrez_con_German"]
[Result "1-0"]
[WhiteElo "2772"]
[BlackElo "2501"]
[TimeControl "180+1"]
[EndTime "10:32:35 PST"]
[Termination "Rainmond won by resignation"]

1. e4 e6 2. d4 d5 3. Nc3 Nf6 4. e5 Nfd7 5. f4 c5 6. Nf3 Nc6 7. Be3 cxd4 8. Nxd4 Bc5 9. Qd2 Nxd4 10. Bxd4 Bxd4 11.
Qxd4 Qb6 12. Nb5 Qxd4 13. Nxd4 a6 14. a4 Nb8 15. Kd2 Bd7 16. a5 Nc6 17. Ke3 Nxd4 18. Kxd4 Ke7 19. Bd3 g6 20. Ra3 Rac8 21. Rb3 Rc7 22. Rb6 h6 23. g4 h5 24. g5 Rhc8 25. Ra1 Kf8 26. Ra3 Ke7 27. Rab3 Ba4 28. Rxb7 Bxb3 29.
Rxb3 Rxc2 30. Bxc2 Rxc2 31. Rb7+ Ke8 32. b4 Rxh2 33. b5 axb5 34. a6 Kd8 35. a7 1-0

[Event "*** Titled Tuesday Blitz"]
[Site "Chess.com"]
[Date "2020.11.24"]
[Round "2"]
[White "jens1102"]
[Black "MokshanovAlexey"]
[Result "0-1"]
[WhiteElo "2331"]
[BlackElo "2621"]
[TimeControl "180+1"]
[EndTime "10:32:35 PST"]
[Termination "MokshanovAlexey won by checkmate"]

1. c4 e5 2. Nc3 Nf6 3. Nf3 Nc6 4. g3 Bb4 5. Bg2 Bxc3 6. bxc3 O-O 7. O-O Re8 8. d3 e4 9. Ng5 exd3 10. exd3 h6 11. Ne4 Nxe4 12. Bxe4 d6 13. Rb1 Bh3 14. Re1 Rb8 15. Qh5 Qd7 16. Bxh6 gxh6 17. Qxh6 Bf5 18. Qg5+ Bg6 19. f4 Qe7 20. Qg4 Qf6 21. h4 Kh8 22. f5 Ne5 23. Qf4 Bh5 24. Rf1 Rg8 25. Kh2 Rg4 26. Qe3 Rxh4+ 27. Kg2 Rh2+ 28. Kg1 Rg8 29. Rf4 Re2 30. Qxa7 Rxg3+ 31. Kf1 Qg5 32. Qb8+ Kh7 33. f6+ Rxe4 34. dxe4 Qxf4+ 35. Ke1 Qe3+ 36. Kf1 Rg1# 0-1

[Event "*** Titled Tuesday Blitz"]
[Site "Chess.com"]
[Date "2020.11.24"]
[Round "2"]
[White "Thee-Chessboy"]
[Black "tigra"]
[Result "0-1"]
[WhiteElo "2512"]
[BlackElo "2799"]
[TimeControl "180+1"]
[EndTime "10:32:36 PST"]
[Termination "tigra won on time"]

1. Nf3 d5 2. g3 Nf6 3. Bg2 Bf5 4. O-O e6 5. c4 c6 6. d4 Nbd7 7. Nfd2 Qa5 8. Nc3 Qa6 9. Qb3 Be7 10. e4 dxe4 11. Ndxe4 Nxe4 12. Bxe4 Bxe4 13. Nxe4 Nb6 14. c5 Nd5 15. Bg5 f6 16. Be3 O-O-O 17. Rfe1 Rhe8 18.
Nd2 g6 19. Nc4 h5 20. Bh6 Rh8 21. Bd2 Nc7 22. Bf4 Rxd4 23. Nd6+ Kd7 24. Rad1 Rxd1 25. Qxd1 Nd5 26. Qc2 Rg8 27. Qe4 e5 28. Bxe5 fxe5 29. Qxe5 Rf8 30. Qe6+ Kc7 31. Ne4 Rd8 32. Qe5+ Kc8 33.
Qe6+ Kb8 34. Qxg6 Qxa2 35. Qxh5 Qxb2 36. h4 a5 37. Qf3 a4 38. h5 a3 0-1

[Event "*** Titled Tuesday Blitz"]
[Site "Chess.com"]
[Date "2020.11.24"]
[Round "2"]
[White "kkpanu9"]
[Black "JoliyRoger"]
[Result "0-1"]
[WhiteElo "2055"]
[BlackElo "2379"]
[TimeControl "180+1"]
[EndTime "10:32:37 PST"]
[Termination "JoliyRoger won on time"]

1. e4 c6 2. d4 d5 3. exd5 cxd5 4. Bd3 Nc6 5. c3 g6 6. Bf4 Nh6 7. Nf3 Bg7 8. O-O O-O 9. Re1 a6 10. Nbd2 Nf5 11. h3 Kh8 12. Nf1 Re8 13. Ng3 Nd6 14. Ng5 Kg8 15. Nf3 b5 16. h4 f6 17. h5 g5 18.
Bxg5 fxg5 19. Nxg5 h6 20. Ne6 Bxe6 21. Rxe6 Qd7 22. Qg4 Nd8 23. Qg6 Qxe6 24. Qh7+ Kf8 25. Bf5 Qg8 0-1

[Event "*** Titled Tuesday Blitz"]
[Site "Chess.com"]
[Date "2020.11.24"]
[Round "2"]
[White "UCantHandleDenker"]
[Black "BilodeauA"]
[Result "0-1"]
[WhiteElo "2521"]
[BlackElo "2844"]
[TimeControl "180+1"]
[EndTime "10:32:41 PST"]
[Termination "BilodeauA won by checkmate"]

1. Nf3 d5 2. d4 Nf6 3. g3 c6 4.
Bg2 Bf5 5. O-O h6 6. c4 e6 7. Qb3 Qb6 8. Nc3 Nbd7 9. c5 Qxb3 10. axb3 a6 11. b4 Rc8 12. h3 Be7 13. g4 Bh7 14. Bf4 O-O 15. Nd2 Bd8 16. Nb3 Bc7 17. e3 e5 18. Bh2 e4 19. Na5 Bxh2+ 20. Kxh2 Rc7 21.
Na4 Re8 22. Rae1 Nf8 23. Nc3 g5 24. Kg3 Ng6 25. f3 exf3 26. Rxf3 Kg7 27. Ref1 Re6 28. Re1 Nh4 29. Rf2 Rce7 30. Rfe2 Bd3 31. Rd2 Be4 32.
Bxe4 Nxe4+ 33. Nxe4 Rxe4 34. Kf2 f5 35. gxf5 Nxf5 36.
Rde2 Rf7 37. Kg2 Nh4+ 38. Kg3 h5 39. Rf2 Rfe7 40. Kh2 Kg6 41. Nb3 g4 42. hxg4 hxg4 43. Rg1 Kg5 44. Rf8 Rxe3 45. Rg8+ Ng6 46. Na5 Rh3+ 47.
Kg2 Re2+ 48. Kf1 Rhh2 49. Rg3 Rxb2 50. Nxb7 Rb1# 0-1

[Event "*** Titled Tuesday Blitz"]
[Site "Chess.com"]
[Date "2020.11.24"]
[Round "2"]
[White "rugbyclub"]
[Black "mjray79"]
[Result "0-1"]
[WhiteElo "2179"]
[BlackElo "2432"]
[TimeControl "180+1"]
[EndTime "10:32:41 PST"]
[Termination "mjray79 won on time"]

1. d4 Nf6 2. Nf3 g6 3. c4 Bg7 4.
Nc3 d6 5. e4 O-O 6. Be2 e5 7.
d5 a5 8. Bg5 Na6 9. Nd2 Qe8 10.
a3 h6 11. Bh4 Nh7 12. b4 f5 13. f3 Bd7 14. Rb1 g5 15. Bf2 Qg6 16. c5 g4 17. fxg4 fxg4 18. c6 bxc6 19. dxc6 Be6 20. O-O Nf6 21. Kh1 Nh5 22. Nc4 Nf4 23. Ne3 h5 24. Ned5 Bxd5 25. exd5 e4 26. b5 Nc5 27. Bxc5 dxc5 28. b6 cxb6 29. d6 Bxc3 30. Bc4+ Kh8 31. d7 Qxc6 32. Qc1 Be5 0-1

[Event "*** Titled Tuesday Blitz"]
[Site "Chess.com"]
[Date "2020.11.24"]
[Round "2"]
[White "annacramling"]
[Black "freshfoodcompany"]
[Result "0-1"]
[WhiteElo "2054"]
[BlackElo "2377"]
[TimeControl "180+1"]
[EndTime "10:32:42 PST"]
[Termination "freshfoodcompany won by resignation"]

1. d4 d5 2. c4 e6 3. Nc3 c6 4. e3 Nf6 5. Nf3 Be7 6. Bd3 O-O 7. O-O dxc4 8. Bxc4 b5 9. Bd3 Bb7 10. e4 Nbd7 11. e5 Nd5 12. Ne4 Re8 13.
Neg5 Nf8 14. Bd2 Nb4 15. Bxb4 Bxb4 16. Qc2 h6 17. Bh7+ Nxh7 18. Qxh7+ Kf8 19. Qh8+ Ke7 20.
Qxg7 hxg5 21. Nxg5 Kd7 22. Ne4 Kc7 23. Qxf7+ Re7 24.
Qf6 Qf8 25. a3 Ba5 26. Qh4 Rd8 27. Nd6 Rg7 28. Rac1 Kb8 29. Qe4 Rxd6 30. exd6 c5 31. d5 Bxd5 32. Qe5 Rxg2+ 33. Kh1 Rg5+ 0-1

[Event "*** Titled Tuesday Blitz"]
[Site "Chess.com"]
[Date "2020.11.24"]
[Round "2"]
[White "JonahWillow"]
[Black "Omk124"]
[Result "1-0"]
[WhiteElo "2661"]
[BlackElo "2351"]
[TimeControl "180+1"]
[EndTime "10:32:43 PST"]
[Termination "JonahWillow won by resignation"]

1. e4 g6 2. d4 Bg7 3. Nc3 c6 4. f4 d5 5. e5 Nh6 6. Be2 f6 7.
Nf3 O-O 8. O-O Bg4 9. h3 Bxf3 10.
Bxf3 Nd7 11. Ne2 e6 12. c4 dxc4 13. Qc2 Nb6 14. Be3 Nd5 15. Bf2 fxe5 16. fxe5 Nf5 17. Qxc4 Qd7 18. Bg4 h5 19. Bxf5 Rxf5 20. Nc3 Raf8 21.
Ne4 Rf4 22. Rae1 Kh8 23. Qd3 Nb4 24. Qb1 b6 25. Nd6 Nd5 26. Qxg6 h4 27. Qh5+ Kg8 28.
Bxh4 Rxd4 29. Rxf8+ Kxf8 30. Rf1+ Rf4 31. Rxf4+ Nxf4 32. Qg5 Nd3 33. Bg3 Kg8 34. h4 Kf8 35. h5 Qe7 36. Qe3 Nxb2 37. h6 Bh8 38. Qf3+ Kg8 39. Qxc6 Qg5 40. Qe8+ Kh7 41. Qxh8+ Kxh8 42. Nf7+ Kh7 43.
Nxg5+ Kxh6 44. Nxe6 Kg6 45. Nc7 Nc4 46. e6 Kf6 47.
Bh4+ 1-0

[Event "*** Titled Tuesday Blitz"]
[Site "Chess.com"]
[Date "2020.11.24"]
[Round "2"]
[White "sjam6687"]
[Black "MaxLeto"]
[Result "1-0"]
[WhiteElo "2791"]
[BlackElo "2408"]
[TimeControl "180+1"]
[EndTime "10:32:43 PST"]
[Termination "sjam6687 won on time"]

1. d4 d6 2. e4 e5 3. Nf3 Nd7 4. c4 Qe7 5. Nc3 c6 6. Bd3 g6 7.
d5 Bg7 8. O-O Nc5 9. b4 Nxd3 10.
Qxd3 f5 11. Bg5 Nf6 12. a4 O-O 13. c5 fxe4 14. Nxe4 Bf5 15. Bxf6 Bxf6 16. dxc6 dxc5 17. Nxf6+ Rxf6 18. Qc4+ Be6 19. Qxc5 Qxc5 20. bxc5 bxc6 21. Nxe5 Bd5 22. Rfe1 Re8 23. g3 g5 24. Nd3 Rb8 25. Re5 h6 26. f4 Rb3 27. fxg5 Rf3 28. Nf4 Rb2 29. gxh6 Rff2 30. Rae1 1-0

[Event "*** Titled Tuesday Blitz"]
[Site "Chess.com"]
[Date "2020.11.24"]
[Round "2"]
[White "pooh2012"]
[Black "svilson23"]
[Result "1-0"]
[WhiteElo "2461"]
[BlackElo "2260"]
[TimeControl "180+1"]
[EndTime "10:32:43 PST"]
[Termination "pooh2012 won by resignation"]

1. d4 d5 2. Nc3 Nf6 3. Bf4 e6 4. e3 Bd6 5. Qf3 a6 6. g4 Bxf4 7. Qxf4 Qd6 8. Qf3 e5 9. g5 e4 10. Qg3 Qxg3 11. hxg3 Ng8 12. Nxd5 Kd8 13. Bg2 Bf5 14. Nc3 f6 15. Bxe4 Bxe4 16. Nxe4 Nc6 17. gxf6 gxf6 18. Nf3 Ke7 19. Kd2 Rd8 20. Rh5 Kf7 21.
Rah1 Kg7 22. Nc5 Re8 23. Nh4 Nge7 24. Ne6+ Kf7 25. Nf4 Rd8 26. Nf3 Kg8 27. Rh6 Rd6 28.
c4 b6 29. Ke2 Nf5 30. R6h5 Ng7 31. Rd5 Kf7 32. Rxd6 cxd6 33. Nd5 Rb8 34. Rxh7 b5 35. Nd2 bxc4 36. Nxc4 Rb5 37. Nxd6+ 1-0

[Event "*** Titled Tuesday Blitz"]
[Site "Chess.com"]
[Date "2020.11.24"]
[Round "2"]
[White "Soltan49"]
[Black "santosalberto1987"]
[Result "0-1"]
[WhiteElo "2240"]
[BlackElo "2456"]
[TimeControl "180+1"]
[EndTime "10:32:43 PST"]
[Termination "santosalberto1987 won by resignation"]

1. e4 c5 2. Nf3 Nc6 3. Bb5 g6 4. c3 Bg7 5. d4 cxd4 6. cxd4 Nf6 7. Bxc6 dxc6 8. Nc3 Bg4 9. Be3 O-O 10. h3 Bxf3 11.
Qxf3 e5 12. Rd1 exd4 13. Bxd4 Qe7 14. O-O Rfe8 15. Rfe1 Rad8 16. Qe2 b5 17. e5 Nd5 18. Nxd5 Rxd5 19. f4 Red8 20. Bc3 Qd7 21. Rxd5 Qxd5 22. e6 fxe6 23. Qxe6+ Qxe6 24. Rxe6 Bxc3 25. bxc3 Rd2 26.
Rxc6 Rxa2 27. Rc7 a5 28. g4 a4 29. f5 gxf5 30. gxf5 Rc2 31. f6 a3 32. Rg7+ Kf8 33. Rxh7 a2 34. Rh8+ Kf7 35. Ra8 Rc1+ 36. Kg2 a1=Q 37.
Rxa1 Rxa1 0-1

[Event "*** Titled Tuesday Blitz"]
[Site "Chess.com"]
[Date "2020.11.24"]
[Round "2"]
[White "HrvojeZagreb"]
[Black "witcher8"]
[Result "1-0"]
[WhiteElo "2251"]
[BlackElo "2432"]
[TimeControl "180+1"]
[EndTime "10:32:44 PST"]
[Termination "HrvojeZagreb won by checkmate"]

1. d4 Nf6 2. Bf4 g6 3. Nc3 d5 4. e3 Bg7 5. h4 h6 6. Nf3 O-O 7. Qd2 a6 8. Ne5 b5 9. a3 Nbd7 10. f3 c5 11. g4 cxd4 12. exd4 Qb6 13. O-O-O Kh7 14. Nxd7 Bxd7 15. g5 Nh5 16. Nxd5 Qb7 17. gxh6 Qxd5 18. hxg7 Nxg7 19. h5 Nxh5 20. Be5 Rac8 21.
Rxh5+ gxh5 22. Qg5 f6 23. Bd3+ Kh8 24. Qh6+ Kg8 25.
Qh7# 1-0

[Event "*** Titled Tuesday Blitz"]
[Site "Chess.com"]
[Date "2020.11.24"]
[Round "2"]
[White "halldorgretar"]
[Black "woodhy"]
[Result "0-1"]
[WhiteElo "2165"]
[BlackElo "2432"]
[TimeControl "180+1"]
[EndTime "10:32:45 PST"]
[Termination "woodhy won by checkmate"]

1. d4 Nf6 2. c4 e6 3. Nf3 b6 4. g3 Bb7 5. Bg2 Be7 6. O-O O-O 7. Re1 Ne4 8. d5 Na6 9. Ne5 f5 10. dxe6 dxe6 11. a3 Bf6 12. Nd7 Rf7 13. Nxf6+ Qxf6 14.
Qc2 Rd8 15. Nd2 Nac5 16. Rb1 Qd4 17. Nxe4 Bxe4 18. Bxe4 Qxe4 19. Qxe4 Nxe4 20. Bf4 Rfd7 21. f3 Nc5 22. Kf2 Kf7 23. h4 h6 24. e4 Nd3+ 25. Ke3 Nxe1 26. Rxe1 Rd2 27. h5 R8d3# 0-1

[Event "*** Titled Tuesday Blitz"]
[Site "Chess.com"]
[Date "2020.11.24"]
[Round "2"]
[White "MIJuanReyesRosa"]
[Black "AliKa2810"]
[Result "0-1"]
[WhiteElo "2070"]
[BlackElo "2592"]
[TimeControl "180+1"]
[EndTime "10:32:46 PST"]
[Termination "AliKa2810 won on time"]

1. e4 c6 2. d4 d5 3. exd5 cxd5 4. c4 Nf6 5. Nc3 Nc6 6. Bg5 e6 7. Nf3 Bb4 8. cxd5 exd5 9. Be2 O-O 10. O-O Be6 11.
Ne5 h6 12. Bh4 Be7 13. Nxc6 bxc6 14. Qa4 Qb6 15. Rac1 Qxb2 16. Rc2 Qb7 17. Rb1 Qd7 18. Rcb2 Bf5 19. Rb7 Qe6 20. R1b2 g5 21. Bg3 Nd7 22. h3 Bf6 23. Rxa7 Nc5 24. dxc5 Rxa7 25. Qxa7 Bxc3 26.
Qb7 Bxb2 27. Qxb2 Re8 0-1

[Event "*** Titled Tuesday Blitz"]
[Site "Chess.com"]
[Date "2020.11.24"]
[Round "2"]
[White "Margency"]
[Black "eCztery"]
[Result "1-0"]
[WhiteElo "2653"]
[BlackElo "2348"]
[TimeControl "180+1"]
[EndTime "10:32:47 PST"]
[Termination "Margency won on time"]

1. e4 c5 2. Nf3 g6 3. d4 cxd4 4.
Qxd4 Nf6 5. Nc3 Nc6 6. Qa4 d6 7. e5 dxe5 8. Nxe5 Bg7 9. Bb5 O-O 10. Nxc6 bxc6 11. Bxc6 Rb8 12. O-O e5 13. Rd1 Qb6 14.
Nd5 Nxd5 15. Bxd5 Bf5 16. c4 e4 17. Rb1 Qc7 18. Be3 Bxb2 19. Qxa7 Qxa7 20. Bxa7 e3 21. Bxb8 exf2+ 22. Kxf2 Rxb8 23. Kf3 Bc2 24. Re1 Bxb1 25. Rxb1 Be5 26. Re1 Bd6 27. a4 Kf8 28. a5 Rb3+ 29. Re3 Rxe3+ 30. Kxe3 Bc5+ 31. Ke4 Ke7 32. a6 f6 33. Bg8 1-0

[Event "*** Titled Tuesday Blitz"]
[Site "Chess.com"]
[Date "2020.11.24"]
[Round "2"]
[White "Ural_bogatyr"]
[Black "temus_galaktionov"]
[Result "0-1"]
[WhiteElo "2415"]
[BlackElo "2685"]
[TimeControl "180+1"]
[EndTime "10:32:48 PST"]
[Termination "temus_galaktionov won by checkmate"]

1. e4 c6 2. d4 g6 3. Nc3 Bg7 4. Nf3 d6 5. a4 Nd7 6. Bc4 e5 7. Be3 Ngf6 8. dxe5 dxe5 9. Qd6 Bf8 10. Qd2 Bg7 11. Qd6 Bf8 12. Qd3 Bg7 13. Rd1 Qe7 14. O-O h6 15. Qd6 Qxd6 16. Rxd6 Bf8 17. Rd2 Bb4 18. Bd3 Ng4 19. Rfd1 Nxe3 20. fxe3 Ke7 21. Rf2 f6 22. Nd2 Nc5 23. Nb3 Nxd3 24. cxd3 Be6 25. Nd2 Rad8 26. Nf3 g5 27. d4 Bb3 28.
Ra1 Ke6 29. h3 Rd7 30. Kh2 h5 31. Kg3 g4 32. hxg4 hxg4 33. Nh4 exd4 34. exd4 Rxd4 35. Raf1 Rd3+ 36. Kxg4 Be7 37. Nf5 Rg8+ 38. Kh4 Bd8 39. e5 fxe5+ 40. Kh5 Rd7 41. Ne4 Rh7+ 42. Nh6 Bd5 43.
Nc5+ Kd6 44. b4 Rg5+ 45. Kh4 Rxh6# 0-1

[Event "*** Titled Tuesday Blitz"]
[Site "Chess.com"]
[Date "2020.11.24"]
[Round "2"]
[White "Chesswizard_2007"]
[Black "zala02"]
[Result "1-0"]
[WhiteElo "2605"]
[BlackElo "2151"]
[TimeControl "180+1"]
[EndTime "10:32:48 PST"]
[Termination "Chesswizard_2007 won on time"]

1. c4 Nf6 2. Nf3 e6 3. b3 d5 4. Bb2 c5 5. g3 Nc6 6. Bg2 Be7 7. O-O O-O 8. Nc3 d4 9. Na4 Qc7 10. e3 e5 11. exd4 exd4 12. Re1 Bg4 13. h3 Bh5 14. a3 a5 15. d3 Rae8 16. Qd2 Nd7 17. Re4 f5 18.
Re6 Bf6 19. Rae1 Rxe6 20. Rxe6 Nce5 21. Nxe5 Nxe5 22. Qf4 Bf7 23. Qxf5 Bxe6 24. Qxe6+ Qf7 25. Qb6 Kh8 26. Be4 Bg5 27. f4 Bxf4 28. Qxb7 Bxg3 29. Qxf7 Rxf7 30. Nxc5 Bf2+ 31. Kg2 Be3 32. Kg3 Rf2 33. Bc1 Re2 34. Bxe3 dxe3 35. d4 Nf7 36. Bd3 Rd2 37. Kf3 1-0

[Event "*** Titled Tuesday Blitz"]
[Site "Chess.com"]
[Date "2020.11.24"]
[Round "2"]
[White "Fh2411"]
[Black "kuban1991"]
[Result "0-1"]
[WhiteElo "2534"]
[BlackElo "2896"]
[TimeControl "180+1"]
[EndTime "10:32:50 PST"]
[Termination "kuban1991 won by resignation"]

1. d4 g6 2. Nf3 Bg7 3. g3 Nf6 4. Bg2 O-O 5. O-O d5 6. c4 c6 7.
Qb3 Qb6 8. Nc3 Be6 9. c5 Qxb3 10. axb3 a6 11. b4 Nbd7 12. Bg5 h6 13. Bxf6 Bxf6 14. e3 Bg7 15. Nd2 Bf5 16. f4 e6 17. h3 g5 18. Rf2 gxf4 19. gxf4 Kh7 20. Kh2 Rg8 21. Bf3 Bf6 22. Rg2 Rxg2+ 23. Bxg2 Rg8 24. Nb3 Bh4 25. Na5 Bf2 26. Nd1 Bg3+ 27. Kh1 Rb8 28. Ra3 Nf6 29. Kg1 Ne4 30. Kf1 Kg6 31. Nc3 Nf6 32. Ne2 Bh4 33. Ng1 Ne4 34. Nf3 Bf6 35. Ne5+ Bxe5 36. fxe5 f6 37. exf6 Nxf6 38. Ra1 Kg5 39. Ke2 Kh4 40. Rh1 Nh5 41. Kf2 Ng3 42. Rh2 Rf8 43. Bf3 Be4 44. Nxb7 Rxf3+ 0-1

[Event "*** Titled Tuesday Blitz"]
[Site "Chess.com"]
[Date "2020.11.24"]
[Round "2"]
[White "Szparu"]
[Black "Arseniy_Nesterov"]
[Result "0-1"]
[WhiteElo "2505"]
[BlackElo "2792"]
[TimeControl "180+1"]
[EndTime "10:32:50 PST"]
[Termination "Arseniy_Nesterov won by checkmate"]

1. e4 e5 2. Nf3 Nc6 3. Bb5 a6 4. Ba4 b5 5. Bb3 Na5 6. O-O d6 7. d4 exd4 8. Nxd4 Bb7 9. c4 c5 10. Nf5 g6 11. Ng3 Bg7 12. Nc3 Nxb3 13. axb3 b4 14. Nd5 Ne7 15. Bg5 Bxd5 16. exd5 h6 17. Bxe7 Kxe7 18. f4 f5 19. Re1+ Kf7 20. Re6 Re8 21. Qd3 Bd4+ 22. Kh1 Rxe6 23. dxe6+ Kxe6 24. Re1+ Kf6 25. Ne2 Qe7 26. Rd1 Re8 27. Rd2 Qe3 28. Qxe3 Rxe3 29. g3 Rxb3 30. Nxd4 cxd4 31. Rxd4 Ke6 32.
Rd2 a5 33. Kg2 a4 34. Re2+ Kd7 35. Rd2 a3 36. bxa3 bxa3 37. Kh3 Rb2 38. Rd3 a2 39. Ra3 Kc6 40. Ra5 Kb6 41. Ra4 Kc5 42. Kh4 Rxh2# 0-1

[Event "*** Titled Tuesday Blitz"]
[Site "Chess.com"]
[Date "2020.11.24"]
[Round "2"]
[White "Tenamu"]
[Black "bazar-wokzal"]
[Result "1-0"]
[WhiteElo "2321"]
[BlackElo "2531"]
[TimeControl "180+1"]
[EndTime "10:32:51 PST"]
[Termination "Tenamu won by checkmate"]

1. d4 Nf6 2. Nc3 d5 3. Bf4 g6 4. Qd2 Bg7 5. h4 c6 6. f3 b5 7. a3 Nbd7 8. Bh6 Bxh6 9. Qxh6 Nb6 10. g4 a5 11. h5 Qd6 12. Kf2 Bxg4 13. hxg6 fxg6 14.
Bh3 Bxh3 15. Nxh3 O-O-O 16. Qf4 Rhf8 17. Qxd6 Rxd6 18. Ng5 h5 19. Kg3 Nc4 20. b3 Ne3 21. Rac1 Nf5+ 22. Kf2 Nxd4 23. b4 axb4 24. axb4 e5 25. Ra1 Kb7 26. Ra2 Ne6 27. Rha1 Nc7 28. Ra7+ Kb6 29. e3 d4 30. Nce4 Nxe4+ 31. Nxe4 dxe3+ 32. Ke2 Rd5 33. Nc5 Rb8 34. c4 bxc4 35. R1a5 c3 36. Na4# 1-0

[Event "*** Titled Tuesday Blitz"]
[Site "Chess.com"]
[Date "2020.11.24"]
[Round "2"]
[White "davidkalashian"]
[Black "anon569"]
[Result "1-0"]
[WhiteElo "2546"]
[BlackElo "2304"]
[TimeControl "180+1"]
[EndTime "10:32:52 PST"]
[Termination "davidkalashian won by resignation"]

1. d4 Nf6 2. c4 e6 3. Nf3 Bb4+ 4.
Bd2 c5 5. Bxb4 cxb4 6. g3 O-O 7.
Bg2 d6 8. O-O Nc6 9. a3 bxa3 10.
Rxa3 e5 11. Nc3 Bg4 12. dxe5 dxe5 13. h3 Bxf3 14. Bxf3 Qc8 15. Bg2 Rd8 16. Nd5 Nxd5 17. cxd5 Nd4 18. h4 Qc5 19. e3 Nb5 20. Rd3 Rac8 21.
Qh5 Qe7 22. Rfd1 Nd6 23. R3d2 Rc5 24. Qg4 Rdc8 25. Qb4 Rb5 26. Qa4 a6 27. Rc2 Rbc5 28. Rdc1 Qc7 29. Rxc5 1-0

[Event "*** Titled Tuesday Blitz"]
[Site "Chess.com"]
[Date "2020.11.24"]
[Round "2"]
[White "GurevichMikhail"]
[Black "Mikasinski"]
[Result "1-0"]
[WhiteElo "2604"]
[BlackElo "2324"]
[TimeControl "180+1"]
[EndTime "10:32:53 PST"]
[Termination "GurevichMikhail won on time"]

1. c4 e5 2. Nc3 Nc6 3. Nf3 Nf6 4.
a3 d5 5. cxd5 Nxd5 6. Qc2 Be6 7.
e3 a6 8. b4 Be7 9. Bb2 Nxc3 10.
Bxc3 Bf6 11. Bd3 Qd7 12. Be4 h6 13. O-O O-O 14. Rfd1 Rfe8 15. d3 Rad8 16. Qb2 Bd5 17. Bxd5 Qxd5 18. e4 Qe6 19. a4 b5 20. axb5 axb5 21.
Qa2 Qxa2 22. Rxa2 Ra8 23. Rda1 Rxa2 24. Rxa2 Rd8 25. Ne1 Be7 26. Rb2 Ra8 27. Kf1 Ra3 28. Bd2 Ra1 29. f3 Ra4 30. Nc2 f6 31. Ke2 Kf7 32.
Bc3 Ke6 33. g3 Bd6 34. Ke3 g6 35. f4 h5 36. Rb3 Ra2 37. Na3 Rxh2 38. fxe5 Nxe5 39.
Nxb5 Ng4+ 40. Kd4 Be5+ 41. Kc5 Bxg3 42. Kc6 h4 43. Nxc7+ 1-0

[Event "*** Titled Tuesday Blitz"]
[Site "Chess.com"]
[Date "2020.11.24"]
[Round "2"]
[White "Gogolev_Artemy"]
[Black "Tsyhanchuk_Stanislav"]
[Result "1-0"]
[WhiteElo "2467"]
[BlackElo "2271"]
[TimeControl "180+1"]
[EndTime "10:32:53 PST"]
[Termination "Gogolev_Artemy won on time"]

1. Nf3 c5 2. c4 Nf6 3. Nc3 e6 4. g3 b6 5. Bg2 Bb7 6. O-O Be7 7. d4 cxd4 8. Qxd4 O-O 9. Rd1 Nc6 10. Qd3 Qc8 11. Bg5 Rd8 12. Bxf6 Bxf6 13. Rac1 a6 14. Ne4 Be7 15. Nd6 Bxd6 16. Qxd6 Qb8 17. Qd3 d5 18. Ng5 dxc4 19. Qxh7+ Kf8 20. Qh8+ Ke7 21. Qxg7 Ne5 22.
Bxb7 Rg8 23. Qh6 Qxb7 24. Qh4 f6 25. Qh7+ Ke8 26. Qxb7 1-0

[Event "*** Titled Tuesday Blitz"]
[Site "Chess.com"]
[Date "2020.11.24"]
[Round "2"]
[White "2nd_life"]
[Black "frederiksvane"]
[Result "0-1"]
[WhiteElo "2486"]
[BlackElo "2728"]
[TimeControl "180+1"]
[EndTime "10:32:56 PST"]
[Termination "frederiksvane won by resignation"]

1. e4 c5 2. Nf3 d6 3. Bb5+ Bd7 4. c4 Nf6 5. Nc3 g6 6. d4 cxd4 7. Nxd4 Bg7 8. O-O O-O 9. Be3 Ng4 10. Bg5 h6 11. Bh4 Nc6 12. Bxc6 bxc6 13. b3 Qb6 14. Nde2 g5 15. Bg3 f5 16. exf5 Bxf5 17. h3 Ne5 18.
Kh2 Rf7 19. Na4 Qb7 20. Nd4 Raf8 21. Nxf5 Rxf5 22. Qc2 c5 23. Rae1 Nc6 24. Qe4 Qd7 25. Qe6+ Qxe6 26. Rxe6 Kf7 27. Re4 Nd4 28. f3 Bf6 29.
Rfe1 Rb8 30. Nxc5 Rxc5 0-1

[Event "*** Titled Tuesday Blitz"]
[Site "Chess.com"]
[Date "2020.11.24"]
[Round "2"]
[White "canary2016"]
[Black "Gerodot71"]
[Result "0-1"]
[WhiteElo "1968"]
[BlackElo "2473"]
[TimeControl "180+1"]
[EndTime "10:32:56 PST"]
[Termination "Gerodot71 won by checkmate"]

1. d4 Nf6 2. Bf4 d5 3. e3 c5 4. c3 Nc6 5. Nf3 Qb6 6. Qb3 c4 7. Qc2 Bf5 8. Qc1 e6 9. Nh4 Bg6 10. Nd2 Be7 11. Be2 O-O 12. Nxg6 hxg6 13. O-O Qa5 14. Nf3 b5 15. b3 Rfc8 16. bxc4 bxc4 17. Qc2 Ne4 18. Rfc1 Ba3 19. Rcb1 Qxc3 20. Bd1 Nb4 21. Qe2 Nd3 22. Bc2 a5 23. Ne5 Nxe5 24. Bxe5 Nf6 25. Ba4 Bf8 26. Rc1 Qa3 27. Qc2 Bd6 28. Bxd6 Qxd6 29. Rab1 Rab8 30. Rxb8 Rxb8 31. Rb1 Rb4 32. g3 Ne4 33. f3 Ng5 34. a3 Rxb1+ 35. Qxb1 Qxa3 36.
Qc2 Qxe3+ 37. Kg2 Qxf3+ 38. Kg1 Nh3# 0-1

[Event "*** Titled Tuesday Blitz"]
[Site "Chess.com"]
[Date "2020.11.24"]
[Round "2"]
[White "geordie_derraugh"]
[Black "VladaSviridova"]
[Result "1-0"]
[WhiteElo "2467"]
[BlackElo "2271"]
[TimeControl "180+1"]
[EndTime "10:32:56 PST"]
[Termination "geordie_derraugh won by resignation"]

1. e4 e6 2. d4 d5 3. Nd2 c5 4. Ngf3 cxd4 5. exd5 Qxd5 6. Bc4 Qd7 7. O-O Nc6 8. Nb3 a6 9. Nbxd4 Nxd4 10. Nxd4 Qc7 11. Bb3 Bd6 12. h3 Ne7 13. c3 O-O 14. Bc2 Ng6 15. Qh5 b6 16. Nf3 Qc5 17. Qg4 h5 18. Qe4 Ra7 19. Be3 Qc7 20. Ng5 Bb7 21.
Qd3 Bh2+ 22. Kh1 Rd8 23. Qe2 Bf4 24. Qxh5 Bxe3 25. Qh7+ Kf8 26. fxe3 Rd7 27. Nxe6+ Ke7 28. Nxc7 Rxc7 29. Bxg6 1-0

[Event "*** Titled Tuesday Blitz"]
[Site "Chess.com"]
[Date "2020.11.24"]
[Round "2"]
[White "Morshynska"]
[Black "Shuvalov"]
[Result "0-1"]
[WhiteElo "2269"]
[BlackElo "2461"]
[TimeControl "180+1"]
[EndTime "10:32:57 PST"]
[Termination "Shuvalov won on time"]

1. d4 Nf6 2. c4 g6 3. Nc3 d5 4. cxd5 Nxd5 5. e4 Nxc3 6. bxc3 c5 7. Nf3 Bg7 8. Rb1 Qa5 9. Rb5 Qxc3+ 10. Bd2 Qa3 11.
Rxc5 Nc6 12. Bb5 O-O 13. Bxc6 bxc6 14. O-O Qxa2 15. Ne5 Bxe5 16. Rxe5 Be6 17. Bc3 Rfd8 18. Qc1 Qc4 19. Rc5 Qd3 20. f3 Bd7 21. Rd1 Qe2 22. d5 Be8 23. Re1 Qa6 24. Qh6 f6 25. Kh1 cxd5 26. Rxd5 Qc4 27. Rxd8 Rxd8 28. Ba1 Qc2 29.
Qc1 Qxc1 30. Rxc1 a5 31. e5 f5 32. h4 Kf7 33. Kh2 Ke6 34. Kg3 a4 35. Rc5 Ra8 0-1